 Dungeon Crawl Stone Soup version 0.27-a0-242-ge0fc76b88b (webtiles) character file.

Game seed: 17915406053183403138

1134 Borgoz the Ducker (level 8, -3/68 HPs)
             Began as a Ghoul Gladiator on Feb 2, 2021.
             Killed from afar by an orc wizard (10 damage)
             ... with a puff of flame
             ... on level 5 of the Dungeon.
             The game lasted 00:05:13 (4892 turns).

Borgoz the Ducker (Ghoul Gladiator)                 Turns: 4892, Time: 00:05:13

Health: -3/68      AC: 10    Str: 23 (24) XL:     8   Next: 36%
Magic:  7/7        EV: 28    Int:  1 (3)  God:
Gold:   160        SH:  0    Dex: 12      Spells: 7/7 levels left

rFire    . . .     SeeInvis .   a - +1 long sword
rCold    + . .     Faith    .   (no shield)
rNeg     + + +     Spirit   .   m - +0 scale mail
rPois    ∞         Reflect  .   c - +0 helmet
rElec    .         Harm     .   r - +2 cloak
rCorr    .         Rampage  .   (no gloves)
Will     .....                  (no boots)
Stlth    ..........             j - amulet of the acrobat
HPRegen  0.00/turn              A - +6 ring of strength
MPRegen  0.10/turn              (no ring)

@: confused, acrobat
A: claws 1, cold resistance 1, negative energy resistance 3, inhibited
regeneration, torment resistance, unbreathing
a: no special abilities


You were on level 5 of the Dungeon.
You visited 1 branch of the dungeon, and saw 5 of its levels.

You collected 160 gold pieces.

Inventory:

Hand Weapons
 a - a +1 long sword (weapon)
Missiles
 s - 2 throwing nets (quivered)
Armour
 c - a +0 helmet (worn)
 m - a +0 scale mail (worn)
 r - a +2 cloak (worn)
Jewellery
 e - an uncursed ring of fire
 g - an uncursed ring of flight
 j - an amulet of the acrobat (around neck)
 y - an uncursed ring of ice
 z - the ring "Feelam" {rF+ rN+ Will- Str+4}
   (You took it off an orc wizard on level 4 of the Dungeon)

   [ring of positive energy]

   It affects your strength (+4).
   It protects you from fire.
   It protects you from negative energy.
   It affects your willpower, your defense against some magical effects.
 A - a +6 ring of strength (left claw)
Wands
 n - a wand of digging (6)
 x - a wand of iceblast (13)
Scrolls
 b - a scroll of enchant weapon
 h - 2 scrolls of teleportation {unknown}
 p - a scroll of immolation {unknown}
 v - 4 scrolls of remove curse {unknown}
 w - a scroll of amnesia {unknown}
 D - a scroll of fog {unknown}
Potions
 d - a potion of mutation
 f - a potion of haste {unknown}
 i - a potion of invisibility
 k - a potion of might
 l - 2 potions of curing {unknown}
 o - a potion of ambrosia
 q - a potion of resistance
 t - 3 potions of cancellation
 u - a potion of brilliance
 B - a potion of lignification {unknown}


   Skills:
 + Level 5.1 Fighting
 * Level 6.1 Long Blades
 - Level 1.7 Throwing
 * Level 6.2 Dodging


You had 7 spell levels left.
You didn't know any spells.
Your spell library was empty.

Dungeon Overview and Level Annotations

Branches:
Dungeon (5/15)
 Temple: D:4-7

Altars:
Cheibriados
Elyvilon
Okawaru
Trog


Innate Abilities, Weirdness & Mutations

You thrive by killing the living.
You are immune to poison.
You have sharp fingernails.
Your flesh is cold resistant. (rC+)
You are immune to negative energy. (rN+++)
You do not regenerate when monsters are visible.
You are immune to unholy pain and torment.
You can survive without breathing.


Message History

Your body decomposes!
You feel dopey.
Your body decomposes!
You feel weakened.
Your body decomposes!
You feel dopey.
You feel less confused. Something hits you but does no damage.
The orc wizard barely misses you.
It was a potion of ambrosia.
You are confused.
You feel invigorated. Something hits you.
* * * LOW HITPOINT WARNING * * *
Something shocks you.
* * * LOW HITPOINT WARNING * * *
The orc wizard barely misses you.
Okay, then.
Something barely misses you.
The orc wizard gestures at you while chanting.
The puff of flame hits you!
You die...

.. #.. .<...#..# ...#
###.##..#### #.#..
...........#
#.#.#..######.######.#
.....................#
.........####.###..###.#
.).$............≈......#
...........##.#####....#
..........@.#.# .......
........o...#.# ....###
............#.# ....#
............#.# ....#
.......))...#.# ....#
........$.).#.#
............#.#
...............
.................


You could see an orc wizard.

Vanquished Creatures
  Sigmund (D:3)
  Menkaure (D:4)
  Duvessa (D:4)
  2 sky beasts (D:5)
  An ogre (D:4)
  Dowan (D:4)
  An orc priest (D:3)
  Crazy Yiuf (D:2)
  Terence (D:2)
  An iguana (D:4)
  5 orc wizards
  A worker ant (D:4)
  A killer bee zombie (D:5)
  4 gnolls (D:4)
  3 adders
  A white imp (D:5)
  2 dart slugs
  2 leopard geckos
  9 orcs
  2 ball pythons
  8 giant cockroaches
  9 goblins
  10 hobgoblins
  5 jackals
  2 quokkas
  4 bats
  3 frilled lizards
  6 kobolds
  5 rats
93 creatures vanquished.

Notes
Turn   | Place    | Note
-------+----------+-------------------------------------------
     0 | D:1      | Borgoz the Ghoul Gladiator began the quest for the Orb.
     0 | D:1      | Reached XP level 1. HP: 17/17 MP: 0/0
   537 | D:1      | Reached XP level 2. HP: 23/25 MP: 1/1
  1092 | D:2      | Found a runed translucent door.
  1093 | D:2      | Noticed Crazy Yiuf
  1158 | D:2      | Found a bloodstained altar of Trog.
  1278 | D:2      | Reached XP level 3. HP: 30/30 MP: 2/2
  1337 | D:2      | Found a white marble altar of Elyvilon.
  1339 | D:2      | Noticed Terence
  1345 | D:2      | Killed Terence
  1578 | D:2      | Reached XP level 4. HP: 34/37 MP: 3/3
  2192 | D:2      | Killed Crazy Yiuf
  2405 | D:3      | Reached XP level 5. HP: 28/45 MP: 4/4
  2748 | D:3      | Noticed Sigmund
  2762 | D:3      | Killed Sigmund
  2763 | D:3      | Reached XP level 6. HP: 37/52 MP: 5/5
  2939 | D:3      | Found a snail-covered altar of Cheibriados.
  3687 | D:4      | Reached XP level 7. HP: 27/59 MP: 6/6
  3831 | D:4      | Identified the ring "Feelam" {rF+ rN+ Will- Str+4}
  3840 | D:4      | Reached skill level 5 in Long Blades
  3840 | D:4      | Reached skill level 5 in Dodging
  4236 | D:4      | Noticed Menkaure
  4243 | D:4      | Killed Menkaure
  4279 | D:4      | Noticed Duvessa
  4279 | D:4      | Noticed Dowan
  4302 | D:4      | Killed Duvessa
  4307 | D:4      | Killed Dowan
  4308 | D:4      | Reached XP level 8. HP: 29/67 MP: 7/7
  4544 | D:4      | Found an iron altar of Okawaru.
  4592 | D:5      | Entered Level 5 of the Dungeon
  4810 | D:5      | Reached skill level 5 in Fighting
  4892 | D:5      | Killed from afar by an orc wizard

Illustrated notes

Levels and vault maps discovered:
D:1:      dpeg_arrival_erosion, layout_loops_cross
D:2:      layout_loops_corners, elyvilon_altar_3, bloody_trog, uniq_terence,
          uniq_crazy_yiuf_cottage
D:3:      layout_basic, general_overflow_altar, kennysheep_crisscross,
          uniq_sigmund
D:4:      layout_cave_pools, marbit_many_paths, uniq_duvessa, uniq_menkaure
D:5:      layout_basic, gammafunk_ghost_abyssal_escape, serial_shops,
          nicolae_shop_statue_plus

Skill      XL: |  1  2  3  4  5  6  7  8 |
---------------+-------------------------+-----
Dodging        | 3 4 5 6 |  6.2
Long Blades    | 3 4 5 6 |  6.1
Fighting       | 3 4 5 |  5.1
Throwing       | |  1.7

Action                   |  1- 3 |  4- 6 |  7- 9 || total
-------------------------+-------+-------+-------++-------
Melee: Long sword        |    79 |   147 |   138 ||   364
Throw: Throwing net      |       |     3 |       ||     3
  Use: Scroll            |       |     4 |     2 ||     6
       Potion            |       |       |     2 ||     2
 Stab: Held in net/web   |       |     2 |       ||     2
Armor: Leather armour    |    18 |       |       ||    18
       Scale mail        |    21 |    84 |    79 ||   184
Dodge: Dodged            |    58 |   111 |   119 ||   288
       Rpst.: Long sword |    19 |    28 |    32 ||    79

Table legend: (Time is in decaauts)
 A = Elapsed time spent in this place.
 B = Non-inter-level travel time spent in this place.
 C = Inter-level travel time spent in this place.
 D = Time resting spent in this place.
 E = Time spent auto-exploring this place.
 F = Levels seen in this place.
 G = Mean time per level.
                   A        B        C        D        E       F      G
               +--------+--------+--------+--------+--------+-----+--------+
         Total |   4940 |   4837 |    103 |   1322 |   2747 |   5 |  988.0 |
       Dungeon |   4940 |   4837 |    103 |   1322 |   2747 |   5 |  988.0 |
               +--------+--------+--------+--------+--------+-----+--------+

Top non-repeatable levels by time:
     D:2: 1663 daAuts
     D:4: 1062 daAuts
     D:1: 981 daAuts
     D:3: 928 daAuts
     D:5: 305 daAuts
